 Dungeon Crawl Stone Soup version 0.26-a0-67-g850bfe61e3 (webtiles) character file.

Game seed: 3828894305517490521

21 MrRokkomies the Stinger (level 3, 0/26 HPs)
             Began as a Human Wanderer on June 12, 2020.
             Slain by a jackal (1 damage)
             ... on level 1 of the Dungeon.
             The game lasted 00:01:43 (848 turns).

MrRokkomies the Stinger (Human Wanderer)             Turns: 848, Time: 00:01:44

Health: 0/26       AC:  2    Str: 11    XL:     3   Next: 2%
Magic:  0/6        EV: 11    Int: 15    God:
Gold:   23         SH:  0    Dex: 11    Spells: 5/6 levels left

rFire    . . .     SeeInvis .   a - +2 dagger
rCold    . . .     Gourm    .   (no shield)
rNeg     . . .     Faith    .   e - +0 robe
rPois    .         Spirit   .   (no helmet)
rElec    .         Reflect  .   (no cloak)
rCorr    .         Harm     .   (no gloves)
MR       .....                  (no boots)
Stlth    +.........             (no amulet)
HPRegen  0.08/turn              c - ring of flight
MPRegen  0.10/turn              (no ring)

@: very slightly contaminated
A: no striking features
a: Evoke Flight


You were on level 1 of the Dungeon.
You were not hungry.

You visited 1 branch of the dungeon, and saw 1 of its levels.

You collected 23 gold pieces.

Inventory:

Hand Weapons
 a - a +2 dagger (weapon)
Missiles
 b - a curare-tipped dart (quivered)
Armour
 e - a +0 robe (worn)
Jewellery
 c - a ring of flight (left hand)
Scrolls
 g - a scroll of remove curse {unknown}
 h - a scroll of enchant weapon {unknown}
 i - a scroll of identify {unknown}
Potions
 d - a potion of lignification
Comestibles
 f - 3 rations


   Skills:
 * Level 1.3 Fighting
   Level 1.0 Bows
 - Level 1.0 Throwing
 - Level 2.0 Armour
 + Level 0.8 Dodging
   Level 1.0 Shields
 - Level 2.0 Spellcasting
 * Level 3.4 Poison Magic


You had 5 spell levels left.
You knew the following spells:

 Your Spells              Type           Power        Failure   Level  Hunger
a - Sting                 Tmut/Pois      #...         11%         1    #......

Your spell library contained the following spells:

 Spells                   Type           Power        Failure   Level  Hunger
 Spider Form              Tmut/Pois      #.........   32%         3    ###....


Dungeon Overview and Level Annotations

Branches:
Dungeon (1/15)

Altars:


Message History

You hit the jackal.
The jackal is severely wounded.
The jackal bites you but does no damage.
You hit the jackal.
You kill the jackal!
You have reached level 3!
Your experience leads to an increase in your attributes!
Increase (S)trength, (I)ntelligence, or (D)exterity?
You feel stronger.
Casting: Sting (safe; 11% risk of failure)
Confirm with . or Enter, or press ? or * to list all spells.
Aiming: Sting (safe; 11% risk of failure)
Press: ? - help, Shift-Dir - straight line, f - jackal
Aim: a jackal The sting hits the jackal.
The jackal is poisoned.
The jackal is moderately wounded.
The jackal closely misses you.
The jackal bites you but does no damage.
The jackal bites you.
You die...

.####..†# #.#.........##.##
........# #...#......###...
.####...# #.#.##...#.# #.## #...#
#.......##.# #.# ####..# #
#..#..##.# #.# #.....##
###.#..##.###÷## #......###+#
................
#........#.#######....##)###.##
#......)..†..h@...............#
#........#########....##.###..#
#........# #..............#..#
#........# #.#####....#.###..#
#........####.......>..#.# #..#
#......................#.# #..#
#####.###.###..####....#.# #..#
#.# #.# #..###.....#.###..#
#######.###.###..................


You could see a jackal (poisoned).

Vanquished Creatures
  An ooze (D:1)
  A dart slug (D:1)
  A leopard gecko (D:1)
  A giant cockroach (D:1)
  A goblin (D:1)
  A hobgoblin (D:1)
  2 jackals (D:1)
  A ball python (D:1)
  A bat (D:1)
  2 kobolds (D:1)
  A rat (D:1)
13 creatures vanquished.

Notes
Turn   | Place    | Note
-------+----------+-------------------------------------------
     0 | D:1      | MrRokkomies the Human Wanderer began the quest for the Orb.
     0 | D:1      | MrRokkomies set off with the following items: a +2 dagger,
                  | a curare-tipped dart, a potion of lignification, a +0 robe,
                  | a ration; and the following spell memorised: Sting; and the
                  | following spells available to memorise: Spider Form
     0 | D:1      | Reached XP level 1. HP: 13/13 MP: 3/3
   538 | D:1      | Reached XP level 2. HP: 20/20 MP: 5/5
   607 | D:1      | Reached skill level 1 in Fighting
   843 | D:1      | HP: 1/21 [jackal (1)]
   845 | D:1      | Reached XP level 3. HP: 1/26 MP: 1/6
   848 | D:1      | Slain by a jackal

Illustrated notes

Levels and vault maps discovered:
D:1:      minmay_arrival_shattered_statue, layout_basic,
          hangedman_decor_growths, minmay_crystal_room, kennysheep_flooded_box

Skill      XL: |  1  2 |
---------------+-------+-----
Fighting       | 1 |  1.3
Bows           | |  1.0
Throwing       | |  1.0
Armour         | |  2.0
Dodging        | |  0.8
Shields        | |  1.0
Spellcasting   | |  2.0
Poison Magic   | |  3.4

Action                   || total
-------------------------++-------
Melee: Dagger            ||    47
 Cast: Sting             ||     5
Armor: Robe              ||    13
Dodge: Dodged            ||    37

Table legend:
 A = Non-vault XP
 B = Vault XP
 C = Vault XP percentage of total XP
 D = Non-vault monster count
 E = Vault monster count
 F = Vault count percentage of total count
                 A         B        C        D         E       F
            +---------+---------+-------+---------+---------+-------
      Total |      30 |       0 |   0.0 |      13 |       0 |   0.0
            +---------+---------+-------+---------+---------+-------
        D:1 |      30 |       0 |   0.0 |      13 |       0 |   0.0
            +---------+---------+-------+---------+---------+-------
